 Dungeon Crawl Stone Soup version 0.28.0-45-g0d030f2227 (webtiles) character file.

Game seed: 11492175572960277538

25 Eitelfritz the Skirmisher (level 3, -8/33 HPs)
             Began as a Hill Orc Fighter on Apr 10, 2022.
             Killed by nerve-wracking pain
             ... invoked by Jessica
              (13 damage)
             ... on level 2 of the Dungeon.
             The game lasted 00:01:18 (666 turns).

Eitelfritz the Skirmisher (Hill Orc Fighter)         Turns: 666, Time: 00:01:19

Health: -8/33      AC:  6    Str: 20    XL:     3   Next: 6%
Magic:  3/3        EV:  9    Int:  8    God:
Gold:   0          SH:  4    Dex: 10    Spells: 2/2 levels left

rFire   . . .      SeeInvis .   a - +0 war axe
rCold   . . .      Faith    .   c - +0 buckler
rNeg    . . .      Spirit   .   b - +0 scale mail
rPois   .          Reflect  .   (no helmet)
rElec   .          Harm     .   (no cloak)
rCorr   .          Rampage  .   (no gloves)
Will    .....                   (no boots)
Stlth   ..........              (no amulet)
HPRegen 0.11/turn               (no ring)
MPRegen 0.08/turn               (no ring)

@: no status effects
A: no striking features
a: no special abilities


You were on level 2 of the Dungeon.
You visited 1 branch of the dungeon, and saw 2 of its levels.

Inventory:

Hand Weapons
 a - a +0 war axe (weapon)
 f - a +2 hand axe of flaming
Armour
 b - a +0 scale mail (worn)
 c - a +0 buckler (worn)
Scrolls
 h - 4 scrolls of identify {unknown}
 j - 3 scrolls of enchant weapon {unknown}
Potions
 d - a potion of might
 e - a potion of ambrosia {unknown}
 g - 2 potions of attraction {unknown}
 i - a potion of berserk rage {unknown}


   Skills:
 + Level 4.2 Fighting
 + Level 3.0 Axes
 + Level 3.5 Armour
 + Level 3.7 Shields


You had 2 spell levels left.
You didn't know any spells.
Your spell library was empty.

Dungeon Overview and Level Annotations

Branches:
Dungeon (2/15)

Altars:

Annotations:
D:2 Jessica


Message History

You feel stronger. x2
You see here an adder corpse.
Jessica the Apprentice Sorceress comes into view.
She is wielding a +0 dagger.
Jessica shouts!
You hear an angry hiss.
Jessica gestures at you while chanting. Pain shoots through your body!
Jessica casts a spell.
Jessica seems to speed up.
A frilled lizard comes into view.
Jessica hits you but does no damage. Jessica completely misses you.
You barely miss Jessica. Jessica barely misses you. Jessica misses you.
You closely miss Jessica. Jessica hits you with a +0 dagger. x2
You hit Jessica.
Jessica is heavily wounded.
Jessica hits you but does no damage.
Jessica mumbles some strange words.
Jessica blinks!
You hit the frilled lizard.
The frilled lizard is heavily wounded.
The frilled lizard bites you but does no damage.
Jessica gestures at you while chanting. Pain shoots through your body!
* * * LOW HITPOINT WARNING * * *
You miss the frilled lizard.
The frilled lizard is heavily wounded.
The frilled lizard bites you but does no damage.
Jessica gestures wildly while chanting.
Jessica blinks!
You closely miss the frilled lizard.
The frilled lizard is heavily wounded.
You block the frilled lizard's attack. The frilled lizard bites you.
* * * LOW HITPOINT WARNING * * *
You slash the frilled lizard!
You kill the frilled lizard!
Jessica gestures at you while chanting. You resist with some effort.
Jessica says, "Why did you come here?" Jessica casts a spell at you.
Pain shoots through your body!
You die...

#.# #.# .... #.#
... #.# ...
#.#### #.#
#....# #.# ##.
####.# ##.## ...
#.####...##.####
#.##....@<@.....
#.##.#....#.##..
#.##.##......#.
#..............
####.##.#.#.###
#..†...#.#
####.#......
...###### #...#


You could see Jessica (fast).

Vanquished Creatures
  An adder (D:2)
  3 ball pythons (D:1)
  An endoplasm (D:1)
  A goblin (D:1)
  2 hobgoblins (D:1)
  4 bats (D:1)
  A frilled lizard (D:2)
  A kobold (D:1)
  A rat (D:1)
15 creatures vanquished.

Vanquished Creatures (others)
  5 plants (D:2)
5 creatures vanquished.

Grand Total: 20 creatures vanquished

Notes
Turn   | Place    | Note
-------+----------+-------------------------------------------
     0 | D:1      | Eitelfritz the Hill Orc Fighter began the quest for the
                  | Orb.
     0 | D:1      | Reached XP level 1. HP: 19/19 MP: 1/1
     2 | D:1      | Noticed a merfolk
     4 | D:1      | Noticed a vine stalker
     4 | D:1      | Noticed a naga
     6 | D:1      | Noticed a demonspawn
     8 | D:1      | Noticed a dwarf
     8 | D:1      | Noticed a spriggan
    10 | D:1      | Noticed a formicid
    12 | D:1      | Noticed an octopode
    12 | D:1      | Noticed a vampire
    14 | D:1      | Noticed a draconian
    16 | D:1      | Noticed a demigod
    16 | D:1      | Noticed a minotaur
    18 | D:1      | Noticed a human
    20 | D:1      | Noticed a ghoul
    20 | D:1      | Noticed a tengu
    22 | D:1      | Noticed a troll
    22 | D:1      | Noticed a felid
    24 | D:1      | Noticed an elf
    24 | D:1      | Noticed a gargoyle
    27 | D:1      | Noticed an ogre
   198 | D:1      | Found a faded altar of an unknown god.
   219 | D:1      | Reached skill level 4 in Fighting
   224 | D:1      | Reached XP level 2. HP: 18/27 MP: 2/2
   652 | D:2      | Reached XP level 3. HP: 33/33 MP: 3/3
   653 | D:2      | Noticed Jessica
   666 | D:2      | Killed from afar by Jessica

Illustrated notes

Levels and vault maps discovered:
D:1:      kb_arrival_jail, layout_basic, chequers_ecumenical_altar_island
D:2:      cheibrodos_old_hovel, layout_loops_cross, basic_altar,
          kennysheep_generic_room_13, uniq_jessica

Skill      XL: |  1  2 |
---------------+-------+-----
Fighting       | 4 |  4.2
Axes           | 3 |  3.0
Armour         | |  3.5
Shields        | |  3.7

Action                   || total
-------------------------++-------
Melee: War axe           ||    50
Armor: Scale mail        ||    36
Dodge: Dodged            ||    50
Block: Buckler           ||    21
